 Dungeon Crawl Stone Soup version 0.20-a0-823-gdec668e (webtiles) character file.

7320 Duffy the Cleaver (level 10, -6/90 HPs)
             Began as a Demigod Gladiator on Mar 5, 2017.
             Mangled by Urug
             ... wielding a +7 glaive
              (27 damage)
             ... on level 9 of the Dungeon.
             The game lasted 00:12:46 (12722 turns).

Duffy the Cleaver (Demigod Gladiator)              Turns: 12722, Time: 00:12:47

Health: -6/90      AC: 14    Str: 25    XL:     10   Next: 59%
Magic:  13/13      EV: 13    Int: 10    God:
Gold:   580        SH:  4    Dex: 15    Spells: 9/9 levels left

rFire    . . .     SeeInvis .   K - +4 battleaxe
rCold    . . .     Gourm    .   p - +1 ring mail {rPois}
rNeg     . . .     Faith    .   (shield currently unavailable)
rPois    +         Spirit   .   c - +0 helmet
rElec    .         Reflect  +   g - +0 cloak
rCorr    .         Harm     .   (no gloves)
MR       +....                  (no boots)
Stlth    +.........             y - +4 amulet of reflection
Regen    0.3/turn               (no ring)
MPRegen  0.2/turn               (no ring)

@: drained
A: hooves 1, icy blue scales 1, molten scales 1, yellow scales 1, clumsy 1,
dopey 1, high mp 1, strong 1
a: no special abilities


You were on level 9 of the Dungeon.
You were not hungry.

You visited 2 branches of the dungeon, and saw 10 of its levels.
You also visited: Sewer.

You collected 616 gold pieces.
You spent 36 gold pieces at shops.

Inventory:

Hand Weapons
 a - a +1 war axe
 z - a +0 blowgun
 K - a +4 battleaxe (weapon)
 L - a +0 battleaxe
 M - a +2 war axe of freezing
 O - a +2 battleaxe
Missiles
 d - 3 throwing nets (quivered)
 B - 5 curare-tipped needles
Armour
 c - a +0 helmet (worn)
 g - a +0 cloak (worn)
 p - a +1 ring mail of poison resistance (worn)
Jewellery
 y - a +4 amulet of reflection (around neck)
 N - a +5 ring of dexterity {unknown}
Wands
 A - a wand of flame (46/48)
Scrolls
 h - a scroll of teleportation
 l - a scroll of immolation {unknown}
 m - a scroll of remove curse
 n - a scroll of enchant weapon
 q - 3 scrolls of fear
 s - a scroll of amnesia {unknown}
 t - 2 scrolls of recharging
 C - 2 scrolls of fog
 D - a scroll of enchant armour {unknown}
 E - a scroll of blinking {unknown}
 F - 4 scrolls of identify
 I - a scroll of magic mapping {unknown}
 J - a scroll of holy word {unknown}
 Q - a scroll of vulnerability {unknown}
Potions
 b - 3 potions of heal wounds
 e - 4 potions of curing
 j - 4 potions of flight
 k - 2 potions of berserk rage {unknown}
 r - 3 potions of invisibility
 u - 6 potions of might
 w - 2 potions of lignification
 x - a potion of resistance
 G - a potion of haste {unknown}
 H - 2 potions of mutation
Comestibles
 f - 7 bread rations
 i - 12 fruits
 o - 4 royal jellies
 v - a meat ration


   Skills:
 + Level 8.7(8.0) Fighting
 + Level 12.3(11.6) Axes
 - Level 1.7(1.2) Throwing
 - Level 4.5(3.9) Dodging


You had 9 spell levels left.
You didn't know any spells.

Dungeon Overview and Level Annotations

Branches:
Dungeon (9/15)             Temple (0/1) D:6            Lair (0/6) D:8
    Orc (1/2) D:9

Shops:
D:5 =   D:7 :%[(!   D:9 (

Annotations:
D:9 Urug


Innate Abilities, Weirdness & Mutations

You have an increased reservoir of magic. (+10% MP)
You have large cloven feet.
You are partially covered in icy blue scales. (AC +2)
You are partially covered in molten scales. (AC +2)
You are partially covered in yellow scales. (AC +2)
You are clumsy. (Dex -2)
You are dopey. (Int -2)
Your muscles are strong. (Str +2)


Message History

Urug is severely wounded.
Urug hits you with an enchanted glaive.
You hit Urug but do no damage. You kick Urug, but do no damage.
Urug is severely wounded.
Urug hits you with an enchanted glaive!
You closely miss Urug. You kick Urug, but do no damage.
Urug is severely wounded.
Urug barely misses you.
You closely miss Urug. Your kick misses Urug.
Urug is severely wounded.
Urug closely misses you.
You hit Urug. You kick Urug, but do no damage.
Urug is severely wounded.
You block Urug's attack.
You hit Urug. You kick Urug, but do no damage.
Urug is severely wounded.
You hit Urug. You kick Urug, but do no damage.
Urug is almost dead.
Urug hits you with an enchanted glaive!!
You die...

..........##.....######.#########
...........###'###....)..........
...........#8...8#.##########.###
.......#####.[))...# #.#
..............>[...##########.###
.............)[[.................
.................(############.##
#####..........o.[# #.#
#####..........[@.############.##
................[[...............
..................#########..####
####.##########...# #..# #.#
#...# #..# #.# #...# #..#
####.##########...# #..####
..................#########......
...........................[[....


You could see Urug.

Vanquished Creatures
  A two-headed ogre (D:9)
  Pikel (D:9)
  An orc sorcerer (D:9)
  Psyche (D:9)
  2 hippogriffs
  A spriggan (D:6)
  Menkaure (D:7)
  Duvessa (D:7)
  9 orc warriors
  2 sky beasts (D:9)
  2 ogres (D:9)
  4 slaves (D:9)
  An ice beast (D:8)
  3 phantoms
  An eye of draining (D:9)
  6 centaurs
  7 bullfrogs
  Dowan (D:7)
  A scorpion (D:9)
  7 killer bees (D:8)
  7 wights (D:9)
  5 howler monkeys
  A crimson imp (D:6)
  3 jellies
  A centaur skeleton (D:6)
  7 hounds
  10 orc priests
  5 orc wizards
  2 iguanas (D:9)
  4 worker ants
  2 hound skeletons
  A worker ant zombie (D:9)
  4 gnolls (D:6)
  15 adders
  3 shadow imps
  An ooze (D:7)
  A worm (D:2)
  2 dart slugs
  6 leopard geckos
  25 orcs
  9 ball pythons
  10 bats
  6 giant cockroaches
  12 goblins
  10 hobgoblins
  21 jackals
  3 quokkas
  9 frilled lizards
  9 kobolds
  3 leopard gecko skeletons
  8 rats
  A plant (Sewer)
259 creatures vanquished.

Vanquished Creatures (others)
  3 fungi (D:8)
  A plant (Sewer)
4 creatures vanquished.

Grand Total: 263 creatures vanquished

Notes
Turn   | Place    | Note
-------+----------+-------------------------------------------
     0 | D:1      | Duffy the Demigod Gladiator began the quest for the Orb.
     0 | D:1      | Reached XP level 1. HP: 17/17 MP: 3/3
   114 | D:1      | Reached skill level 3 in Axes
   235 | D:1      | Reached XP level 2. HP: 24/24 MP: 4/4
   933 | D:2      | Reached XP level 3. HP: 29/29 MP: 5/5
  1024 | D:2      | Reached skill level 4 in Axes
  1105 | D:2      | Found a stormy altar of Qazlal.
  1400 | D:2      | Found a faded altar of an unknown god.
  1473 | D:2      | Reached XP level 4. HP: 33/36 MP: 6/6
  1741 | D:3      | Reached skill level 5 in Axes
  2176 | D:4      | Reached XP level 5. HP: 38/41 MP: 7/7
  2300 | D:4      | Noticed a phantom
  2317 | D:4      | Killed a phantom
  2317 | D:4      | Reached skill level 6 in Axes
  2724 | D:5      | Entered Level 5 of the Dungeon
  2729 | D:5      | Reached XP level 6. HP: 43/50 MP: 8/8
  2733 | D:5      | Found Butwan's Jewellery Shoppe.
  2927 | D:5      | Found a bloodstained altar of Trog.
  3242 | D:5      | Found an opulent altar of Gozag.
  3255 | D:5      | Gained mutation: You can translocate small distances at will. [potion of mutation]
  3255 | D:5      | Gained mutation: You are partially covered in molten scales. (AC +2) [potion of mutation]
  3255 | D:5      | Gained mutation: You are partially covered in yellow scales. (AC +2) [potion of mutation]
  3981 | D:6      | Reached skill level 7 in Axes
  4026 | D:6      | Found a white marble altar of Elyvilon.
  4049 | D:6      | Found a deep blue altar of Sif Muna.
  4118 | D:6      | Found a glowing drain.
  4141 | Sewer    | Entered a sewer
  4181 | Sewer    | Reached XP level 7. HP: 56/57 MP: 9/9
  5020 | D:6      | Found a snail-covered altar of Cheibriados.
  5903 | D:6      | Noticed a hippogriff
  5916 | D:6      | Killed a hippogriff
  5916 | D:6      | Reached skill level 8 in Axes
  6166 | D:6      | Found a staircase to the Ecumenical Temple.
  6204 | D:6      | Found a shimmering altar of Xom.
  6246 | D:6      | Reached XP level 8. HP: 67/67 MP: 10/10
  6546 | D:7      | Found Cemyrph's Food Shop.
  6581 | D:7      | Found a sacrificial altar of Ru.
  6591 | D:7      | Reached skill level 5 in Fighting
  6724 | D:7      | Noticed Dowan
  6725 | D:7      | Noticed Duvessa
  6734 | D:7      | Killed Duvessa
  6740 | D:7      | Reached skill level 9 in Axes
  6749 | D:7      | Killed Dowan
  6857 | D:7      | Found a shattered altar of Ashenzari.
  6894 | D:7      | Found Waddun's Weapon Shoppe.
  7045 | D:7      | Found Zoasucoodgh's Antique Armour Boutique.
  7081 | D:7      | Noticed Menkaure
  7087 | D:7      | Killed Menkaure
  7291 | D:6      | Reached skill level 10 in Axes
  7419 | D:7      | Found Itunerch's Distillery.
  7423 | D:7      | Bought a potion of lignification for 36 gold pieces
  7513 | D:7      | Reached XP level 9. HP: 71/74 MP: 11/11
  7548 | D:7      | Found Ziuji's Book Shop.
  7781 | D:8      | Found a staircase to the Lair.
  8346 | D:9      | Found a staircase to the Orcish Mines.
  8508 | D:9      | Found a roughly hewn altar of Beogh.
  8860 | D:8      | Reached skill level 11 in Axes
  9094 | Orc:1    | Entered Level 1 of the Orcish Mines
 10022 | Orc:1    | Noticed an orc sorcerer
 10025 | Orc:1    | Noticed a hellwing
 10357 | Orc:1    | Noticed Urug
 10361 | D:9      | Noticed a sun demon
 10362 | D:9      | Killed an orc sorcerer
 10362 | D:9      | Reached XP level 10. HP: 73/86 MP: 13/13
 10577 | D:9      | Noticed Pikel
 10985 | D:9      | Killed Pikel
 11224 | D:9      | Noticed a two-headed ogre
 11235 | D:9      | Killed a two-headed ogre
 11235 | D:9      | Reached skill level 12 in Axes
 11314 | D:9      | Noticed Psyche
 11322 | D:9      | Killed Psyche
 11333 | D:9      | Gained mutation: You are dopey. (Int -2) [mutagenic meat]
 11334 | D:9      | Gained mutation: You are partially covered in icy blue scales. (AC +2) [mutagenic meat]
 11335 | D:9      | Gained mutation: You are clumsy. (Dex -2) [mutagenic meat]
 11336 | D:9      | Gained mutation: Your muscles are strong. (Str +2) [mutagenic meat]
 11337 | D:9      | Gained mutation: You have large cloven feet. [mutagenic meat]
 11338 | D:9      | Lost mutation: You can translocate small distances at will. [mutagenic meat]
 11856 | D:9      | Found Emulohio's Weapon Shoppe.
 12044 | D:9      | Found an ornate altar of the Wu Jian Council.
 12722 | D:9      | Mangled by Urug

Vault maps used:
D:1:      dpeg_arrival_rooms_b
D:2:      cheibrodos_greedy_goblins, old_standard_altar,
          chequers_ecumenical_altar_simple
D:3:      first_bread
D:5:      nicolae_gozag_cash_rules_everything_around_me, serial_shops,
          shop_statue, bloody_trog
D:6:      kennysheep_slug_shrine, elyvilon_altar_1, led_sif_pool,
          xom_butterflies, minmay_temple_entry_nine_rooms, portal_sewer_entry_c,
          hangedman_decor_push, kennysheep_generic_room_15
D:7:      ashenzari_altar_1, nicolae_ru_sacrificial_ziggurat, serial_shops,
          shop_statue, shop, shop, nicolae_shop_stone, shop, the_bakery,
          uniq_menkaure, uniq_duvessa
D:8:      dpeg_oklobed_lair, minmay_misc_feat_enclosed
D:9:      lemuel_crystal_altar, minmay_orc_entry_temple_small, serial_shops,
          shop, uniq_psyche, uniq_pikel
Orc:1:    uniq_urug
Sewer:    sewer_co_scattered_pipes

Skill      XL: |  1  2  3  4  5  6  7  8  9 10 |
---------------+-------------------------------+-----
Axes           | 3 4 5 6 7 8 10 11 12 | 12.3
Fighting       | 2 3 4 5 7 8 |  8.7
Dodging        | 3 4 |  4.5
Throwing       | |  1.7

Action                   |  1- 3 |  4- 6 |  7- 9 | 10-12 || total
-------------------------+-------+-------+-------+-------++-------
Melee: War axe           |   115 |   156 |   428 |   129 ||   828
       Battleaxe         |       |       |    57 |    42 ||    99
       Kick              |       |       |       |    25 ||    25
  Use: Scroll            |       |    12 |     1 |     2 ||    15
       Potion            |       |     1 |       |       ||     1
 Stab: Sleeping          |     1 |       |       |       ||     1
  Eat: Chunk             |     2 |     7 |     5 |     8 ||    22
       Bread ration      |       |     1 |     3 |     2 ||     6
Armor: Leather armour    |     5 |       |       |       ||     5
       Scale mail        |    27 |       |       |       ||    27
       Ring mail         |    37 |    63 |   173 |    68 ||   341
Dodge: Dodged            |    98 |    96 |   303 |   123 ||   620
Block: Other             |       |    33 |    88 |    28 ||   149
       Reflection        |       |       |     4 |       ||     4
